 Dungeon Crawl Stone Soup version 0.26-a0-84-g8c18429211 (webtiles) character file.

Game seed: 3461150154172235955

10165 mbyx9jk2 the Jinx (level 11, 0/60 HPs)
             Began as a Vine Stalker Conjurer on June 17, 2020.
             Was a Priest of Vehumet.
             Slain by a green ugly thing (8 damage)
             ... on level 10 of the Dungeon on June 18, 2020.
             The game lasted 02:17:32 (15676 turns).

mbyx9jk2 the Jinx (Vine Stalker Conjurer)          Turns: 15676, Time: 02:17:37

Health: 0/60       AC:  6    Str: 11    XL:     11   Next: 57%
Magic:  0/18       EV: 14    Int: 24    God:    Vehumet [***...]
Gold:   482        SH:  5    Dex: 15    Spells: 8/18 levels left

rFire    . . .     SeeInvis .   j - +2 dagger (venom)
rCold    . . .     Gourm    .   e - +0 buckler
rNeg     . . .     Faith    +   a - +0 robe
rPois    .         Spirit   +   (no helmet)
rElec    .         Reflect  .   z - +2 cloak
rCorr    .         Harm     .   v - +0 pair of gloves
MR       ++...                  (no boots)
Stlth    +++.......             L - amulet of faith
HPRegen  0.60/turn              G - ring of protection from magic
MPRegen  0.16/turn              g - +6 ring of intelligence

@: lethally poisoned (0 -> -4)
A: fangs 3, regeneration 1, magic shield, antimagic bite, no potion heal 3, rot
immunity
a: Renounce Religion


You were on level 10 of the Dungeon.
You worshipped Vehumet.
Vehumet was most pleased with you.
You were not hungry.

You visited 2 branches of the dungeon, and saw 12 of its levels.
You also visited: Ossuary.

You collected 608 gold pieces.
You spent 126 gold pieces at shops.

Inventory:

Hand Weapons
 j - a +2 dagger of venom (weapon)
 x - a +4 quarterstaff of chaos
Missiles
 d - 405 stones (quivered)
 r - 101 bolts
 s - 260 arrows
 y - 110 sling bullets
 A - 42 poisoned darts
 H - 10 boomerangs
 O - a throwing net
Armour
 a - a +0 robe (worn)
 e - a +0 buckler (worn)
 v - a +0 pair of gloves (worn)
 z - a +2 cloak (worn)
 J - the +1 ring mail of Tartarus {rF+ rN+ Str+3 Int-5, unknown}
   (You found it on level 7 of the Dungeon)

   It affects your strength (+3).
   It affects your intelligence (-5).
   It protects you from fire.
   It protects you from negative energy.
 S - a +0 troll leather armour
 W - a +0 kite shield
Magical Staves
 U - an uncursed staff of wizardry
Jewellery
 g - a +6 ring of intelligence (right hand)
 C - an uncursed ring of protection from cold
 G - a ring of protection from magic (left hand)
 L - an amulet of faith (around neck)
 V - a +6 ring of strength {unknown}
Wands
 o - a wand of random effects (30)
 w - a wand of acid (17)
 B - a wand of digging (10)
 M - a wand of polymorph (7)
 Q - a wand of paralysis (5)
Scrolls
 b - 4 scrolls of fog
 h - 4 scrolls of amnesia
 k - 6 scrolls of remove curse
 m - 3 scrolls of enchant weapon
 n - 3 scrolls of enchant armour
 q - 7 scrolls of teleportation
 I - a scroll of magic mapping
 K - a scroll of acquirement {unknown}
 P - 2 scrolls of noise {unknown}
 R - a scroll of random uselessness {unknown}
Potions
 f - a potion of stabbing
 i - 8 potions of curing
 l - 3 potions of brilliance
 u - 3 potions of haste
 D - 4 potions of magic
 E - 4 potions of resistance
 F - a potion of flight
 N - a potion of cancellation {unknown}
 T - 2 potions of lignification {unknown}
Comestibles
 c - 6 rations


   Skills:
 - Level 8.0 Fighting
 + Level 5.1 Armour
 - Level 4.0 Dodging
 - Level 5.0 Stealth
 - Level 4.0 Shields
 - Level 4.0 Spellcasting
 - Level 8.0 Conjurations
 - Level 8.0 Hexes
 - Level 5.0 Evocations


You had 8 spell levels left.
You knew the following spells:

 Your Spells              Type           Power        Failure   Level  Hunger
a - Magic Dart            Conj           ####         1%          1    None
b - Searing Ray           Conj           #####.       1%          2    #......
c - Fulminant Prism       Conj/Hex       #####.....   1%          4    ####...
d - Inner Flame           Hex/Fire       ###.....     1%          3    ##.....

Your spell library contained the following spells:

 Spells                   Type           Power        Failure   Level  Hunger
 Corona                   Hex            #####..      1%          1    None
 Confusing Touch          Hex            #####...     1%          3    ##.....
 Dazzling Flash           Conj/Hex       #####.       1%          3    ##.....
 Tukima's Dance           Hex            #####...     1%          3    ##.....
 Ensorcelled Hibernation  Hex/Ice        ###...       2%          2    #......
 Iskenderun's Mystic Bla  Conj/Tloc      ###.....     5%          4    ####...
 Animate Skeleton         Necr           N/A          10%         1    None
 Apportation              Tloc           #.....       10%         1    None
 Pain                     Necr           #...         10%         1    None
 Summon Small Mammal      Summ           #...         10%         1    None
 Yara's Violent Unravell  Hex/Tmut       ###.......   13%         5    ######.
 Gell's Gravitas          Tloc           #.........   28%         3    ##.....
 Vampiric Draining        Necr           #.........   28%         3    ##.....
 Metabolic Englaciation   Hex/Ice        ###.......   45%         5    ######.
 Animate Dead             Necr           N/A          67%         4    ####...
 Petrify                  Tmut/Erth      #.......     67%         4    ####...
 Agony                    Necr           #.......     95%         5    ######.


Dungeon Overview and Level Annotations

Branches:
Dungeon (11/15)            Temple (1/1) D:7            Lair (0/6) D:8
    Orc (0/2) D:9         Ossuary (visited)

Altars:
Ashenzari
Cheibriados
Dithmenos
Elyvilon
Fedhas
Hepliaklqana
Kikubaaqudgha
Makhleb
Nemelex Xobeh
Okawaru
Qazlal
Ru
Sif Muna
Trog
Uskayaw
Vehumet
Wu Jian
Xom
Yredelemnul
Zin
The Shining One

Shops:
D:6 ?   D:8 }

Annotations:
D:4 2 transporters, bmj180's ghost, amateur DrCj
D:8 Erica


Innate Abilities, Weirdness & Mutations

You have razor-sharp teeth.
Your natural rate of healing is unusually fast.
When hurt, damage is shared between your health and your magic reserves.
Your bite disrupts and absorbs the magic of your enemies.
Potions cannot restore your health.
You are immune to rotting.


Message History

You hit the green ugly thing. You bite the green ugly thing.
You drain its power.
You feel invigorated.
The green ugly thing is heavily wounded.
You feel sick. The green ugly thing claws you.
You hit the green ugly thing.
The green ugly thing is poisoned.
You bite the green ugly thing. You drain its power.
You feel invigorated.
The green ugly thing is heavily wounded.
You feel sick. The green ugly thing claws you!
You feel sick. The green ugly thing claws you!
* * * LOW HITPOINT WARNING * * *
Aiming: Random Effects
Press: ? - help, Shift-Dir - straight line, f/p - green ugly thing
Aim: a green ugly thing (heavily wounded, very poisoned)
The mass of ice explodes!
The iceblast engulfs the green ugly thing!!
The green ugly thing is almost dead.
The iceblast engulfs you!
* * * LOW HITPOINT WARNING * * *
You feel sick. The green ugly thing claws you!
You die...

####.......## ########
#....#####..######.......
#.#.....##..........####.
#....##.#.....####..####.
##.#.##........# #....##.
#u#..u.u....>## #.##.##.
#.#######...## #.##.##.
#u# ####.## #....... ##.#
#@u...# ####.### #..#
#)....# #......
##.######)....# #.#.##.
#...##........# ##.#.##.
#...##.##.....# #....##.
#...##.####.### #..####.
##.###.#....# #..####.
#.# #.#.##[# #####.......
##.###......#
#.....######


You could see a green ugly thing (very poisoned).

Vanquished Creatures
  A two-headed ogre (D:11)
  An ugly thing (D:9)
  A centaur zombie (D:11)
  A komodo dragon (D:8)
  A kobold demonologist (D:11)
  2 trolls
  A hippogriff (D:7)
  Sigmund (D:3)
  4 yaks
  A wyvern (D:11)
  Menkaure (D:4)
  Edmund (D:5)
  Duvessa (D:6)
  5 ice beasts
  6 orc warriors
  3 sky beasts
  2 black bears
  13 ogres
  3 phantoms
  6 centaurs
  A crocodile (D:11)
  2 big kobolds
  3 bullfrogs
  A wyvern zombie (D:10)
  A gnoll sergeant (D:9)
  Dowan (D:6)
  5 water moccasin zombies (Ossuary)
  2 scorpions
  11 killer bees
  4 crimson imps
  A bullfrog zombie (D:10)
  9 orc wizards
  4 jellies
  2 bullfrog skeletons
  7 orc priests
  Crazy Yiuf (D:3)
  5 hounds
  A centaur skeleton (D:6)
  Terence (D:3)
  An iguana (D:8)
  6 worker ants
  6 big kobold zombies (Ossuary)
  A hound zombie (D:11)
  2 mummies (Ossuary)
  A worker ant zombie (D:10)
  5 gnolls (D:9)
  12 adders
  2 shadow imps
  An ooze (D:3)
  2 adder zombies (Ossuary)
  4 worms
  6 adder skeletons
  5 dart slugs
  4 leopard geckos
  53 orcs
  5 giant cockroaches
  3 gnoll zombies (Ossuary)
  13 goblins
  11 hobgoblins
  10 jackals
  12 kobolds
  5 quokkas
  3 ball pythons
  9 bats
  3 frilled lizards
  7 hobgoblin zombies (Ossuary)
  5 kobold zombies (Ossuary)
  5 orc zombies (Ossuary)
  A quokka zombie (D:5)
  9 rats
  4 plants (D:8)
333 creatures vanquished.

Vanquished Creatures (others)
  A quokka (D:3)
  48 fulminant prisms
  2 plants (D:8)
51 creatures vanquished.

Grand Total: 384 creatures vanquished

Notes
Turn   | Place    | Note
-------+----------+-------------------------------------------
     0 | D:1      | mbyx9jk2 the Vine Stalker Conjurer began the quest for the
                  | Orb.
     0 | D:1      | Reached XP level 1. HP: 9/9 MP: 4/4
    78 | D:1      | Reached skill level 1 in Fighting
   186 | D:1      | Reached XP level 2. HP: 11/14 MP: 1/6
   606 | D:1      | Reached XP level 3. HP: 18/18 MP: 2/7
  1747 | D:2      | Gained mutation: Your natural rate of healing is unusually
                  | fast. [Vine Stalker growth]
  1747 | D:2      | Reached XP level 4. HP: 23/23 MP: 5/8
  1827 | D:2      | Found an ornate altar of the Wu Jian Council.
  1840 | D:2      | Reached skill level 1 in Shields
  2738 | D:3      | Noticed Terence
  3023 | D:3      | Found a faded altar of an unknown god.
  3048 | D:3      | Noticed Sigmund
  3115 | D:3      | Reached XP level 5. HP: 28/28 MP: 5/9
  3840 | D:3      | Found a white marble altar of Elyvilon.
  3926 | D:3      | Found a blossoming altar of Fedhas.
  4056 | D:3      | Found a runed translucent door.
  4057 | D:3      | Noticed Crazy Yiuf
  4066 | D:3      | Killed Crazy Yiuf
  4066 | D:3      | Reached XP level 6. HP: 9/33 MP: 1/10
  4220 | D:3      | Learned a level 2 spell: Searing Ray
  4225 | D:3      | Learned a level 4 spell: Fulminant Prism
  4434 | D:3      | Killed Sigmund
  4434 | D:3      | Reached skill level 1 in Hexes
  4760 | D:4      | Reached XP level 7. HP: 2/37 MP: 0/11
  4854 | D:3      | Killed Terence
  5706 | D:4      | Gained mutation: You have razor-sharp teeth. [Vine Stalker
                  | growth]
  5706 | D:4      | Reached XP level 8. HP: 42/42 MP: 7/12
  5724 | D:4      | Found a transporter.
  5725 | D:4      | Noticed bmj180's ghost (amateur DrCj)
  5737 | D:4      | Found a transporter.
  5809 | D:4      | Noticed Menkaure
  5854 | D:4      | Killed Menkaure
  6046 | D:4      | Found a snail-covered altar of Cheibriados.
  6047 | D:4      | Found a shimmering altar of Xom.
  6048 | D:4      | Found a glowing silver altar of Zin.
  6083 | D:5      | Entered Level 5 of the Dungeon
  6099 | D:5      | Reached skill level 5 in Conjurations
  6139 | D:5      | Found a sand-covered staircase.
  6141 | D:5      | Noticed Edmund
  6151 | D:5      | Reached skill level 5 in Hexes
  6170 | D:5      | Killed Edmund
  6206 | Ossuary  | Entered an ossuary
  6950 | D:4      | Reached XP level 9. HP: 45/45 MP: 13/13
  7719 | D:6      | Noticed Duvessa
  7720 | D:6      | Noticed Dowan
  8781 | D:6      | Found Umifawk's Magic Scroll Shop.
  8792 | D:6      | Bought a scroll of teleportation for 33 gold pieces
  8792 | D:6      | Bought a scroll of teleportation for 33 gold pieces
  8792 | D:6      | Bought a scroll of amnesia for 38 gold pieces
  8792 | D:6      | Bought a scroll of fog for 22 gold pieces
  9033 | D:6      | Killed Duvessa
  9033 | D:6      | Reached skill level 5 in Stealth
  9040 | D:6      | Killed Dowan
  9387 | D:7      | Reached skill level 5 in Fighting
  9387 | D:7      | Reached XP level 10. HP: 47/51 MP: 8/17
  9468 | D:7      | Found a staircase to the Ecumenical Temple.
  9474 | Temple   | Entered the Ecumenical Temple
  9625 | Temple   | Became a worshipper of Vehumet
 10156 | D:7      | Got a twisted ring mail
 10554 | D:8      | Noticed Erica
 10965 | D:8      | Found a staircase to the Lair.
 11326 | D:8      | Reached skill level 1 in Evocations
 11405 | D:8      | Found Inejierr's Gadget Shoppe.
 11568 | D:9      | Reached * piety under Vehumet
 11568 | D:9      | Offered knowledge of Freeze by Vehumet.
 11876 | D:9      | Found a stormy altar of Qazlal.
 12588 | D:9      | Found a staircase to the Orcish Mines.
 13342 | D:10     | Entered Level 10 of the Dungeon
 13517 | D:10     | Reached ** piety under Vehumet
 13517 | D:10     | Offered knowledge of Shock by Vehumet.
 13647 | D:10     | Reached skill level 5 in Evocations
 13668 | D:10     | Reached XP level 11. HP: 60/60 MP: 2/18
 13737 | D:10     | Reached skill level 1 in Armour
 14718 | D:10     | Offered knowledge of Inner Flame by Vehumet.
 14723 | D:10     | Learned a level 3 spell: Inner Flame
 14986 | D:11     | Noticed a two-headed ogre
 14990 | D:11     | Killed a two-headed ogre
 15021 | D:11     | Reached *** piety under Vehumet
 15342 | D:11     | Noticed a purple ugly thing
 15354 | D:11     | Noticed a brown ugly thing
 15565 | D:9      | Killed a purple ugly thing
 15565 | D:9      | Reached skill level 5 in Armour
 15676 | D:10     | Slain by a green ugly thing

Illustrated notes

Levels and vault maps discovered:
D:1:      zaba_arrival_water, layout_loops_cross, minmay_indecisive_spiral
D:2:      layout_loops_cross, old_standard_altar
D:3:      layout_rooms, elyvilon_altar_4, lemuel_doored_altar,
          chequers_ecumenical_altar_simple, chequers_arboretum,
          uniq_crazy_yiuf_cottage, uniq_sigmund, uniq_terence
D:4:      layout_gridville, gammafunk_temple_overflow_forgotten, first_ration,
          gammafunk_ghost_smash, minivault_26, uniq_menkaure
D:5:      layout_rooms, enter_ossuary_1, eino_small_chamber_without_monster,
          chequers_serial_rivers_large_a, uniq_edmund
D:6:      layout_rooms, serial_shops, shop, uniq_duvessa
D:7:      layout_gridville, temple_green
D:8:      layout_basic, lemuel_coloured_pillars_altar, david_lair_shrubbed,
          serial_shops, nicolae_shop_competitors_out_of_business,
          grunt_ogre_cave, uniq_erica
D:9:      layout_basic, david_orc_4, grunt_qazlal_clouds
D:10:     layout_loops_cross
D:11:     layout_rooms, kennysheep_generic_room_11
Temple:   regret_index_temple_waves

Skill      XL: |  1  2  3  4  5  6  7  8  9 10 11 |
---------------+----------------------------------+-----
Fighting       | 1 2 3 4 5 8 |  8.0
Shields        | 1 2 4 |  4.0
Hexes          | 2 4 6 8 |  8.0
Stealth        | 3 4 5 |  5.0
Conjurations   | 6 8 |  8.0
Spellcasting   | 4 |  4.0
Evocations     | 5 |  5.0
Dodging        | 2 4 |  4.0
Armour         | 5 |  5.1

Action                   |  1- 3 |  4- 6 |  7- 9 | 10-12 || total
-------------------------+-------+-------+-------+-------++-------
Melee: Dagger            |    39 |    63 |   303 |   163 ||   568
       Unarmed           |     2 |       |       |       ||     2
       Bite              |     6 |    17 |    92 |    53 ||   168
Throw: Stone             |       |       |     1 |       ||     1
 Cast: Magic Dart        |    70 |   140 |   166 |   137 ||   513
       Searing Ray       |       |     3 |    39 |    50 ||    92
       Fulminant Prism   |       |       |     2 |    46 ||    48
Evoke: Wand              |       |       |     1 |     4 ||     5
  Use: Scroll            |     1 |     6 |     1 |    13 ||    21
 Stab: Sleeping          |     2 |       |     1 |     1 ||     4
       Distracted        |       |       |     1 |       ||     1
  Eat: Chunk             |     4 |    10 |    13 |    16 ||    43
       Ration            |       |       |     2 |     4 ||     6
Armor: Robe              |     9 |    12 |    82 |    56 ||   159
Dodge: Dodged            |    29 |    31 |   220 |   143 ||   423
Block: Buckler           |       |    19 |    88 |    54 ||   161

Table legend:
 A = Non-vault XP
 B = Vault XP
 C = Vault XP percentage of total XP
 D = Non-vault monster count
 E = Vault monster count
 F = Vault count percentage of total count
                 A         B        C        D         E       F
            +---------+---------+-------+---------+---------+-------
      Total |   11976 |    2546 |  17.5 |     266 |      62 |  18.9
            +---------+---------+-------+---------+---------+-------
        D:1 |      46 |       8 |  14.8 |      26 |       4 |  13.3
        D:2 |     135 |       0 |   0.0 |      37 |       0 |   0.0
        D:3 |     118 |     314 |  72.7 |      36 |       3 |   7.7
        D:4 |     667 |     172 |  20.5 |      22 |       1 |   4.3
        D:5 |     465 |     166 |  26.3 |      15 |       1 |   6.2
        D:6 |    1623 |     228 |  12.3 |      21 |       2 |   8.7
        D:7 |     981 |       0 |   0.0 |      17 |       0 |   0.0
        D:8 |    1385 |     355 |  20.4 |      20 |       1 |   4.8
        D:9 |    1089 |     684 |  38.6 |      17 |      16 |  48.5
       D:10 |    2450 |       0 |   0.0 |      32 |       0 |   0.0
       D:11 |    3017 |       0 |   0.0 |      23 |       0 |   0.0
    Ossuary |       0 |     619 | 100.0 |       0 |      34 | 100.0
            +---------+---------+-------+---------+---------+-------
